 Dungeon Crawl Stone Soup version 0.18-a0-1805-g8ab820f (webtiles) character file.

2123 ololoev the Cleaver (level 9, -3/80 HPs)
             Began as a Hill Orc Fighter on Apr 26, 2016.
             Was a Believer of Elyvilon.
             Slain by an orc warrior
             ... wielding a +0 hand axe
              (20 damage)
             ... on level 7 of the Dungeon.
             The game lasted 00:12:52 (7883 turns).

ololoev the Cleaver (Hill Orc Fighter)              Turns: 7883, Time: 00:12:52

Health: -3/80      AC:  9    Str: 22    XL:     9   Next: 29%
Magic:  11/13      EV:  9    Int:  8    God:    Elyvilon [**....]
Gold:   218        SH:  0    Dex: 10    Spells: 0 memorised, 8 levels left

rFire  . . .     SeeInvis .     a - +0 war axe
rCold  . . .     Gourm    .     s - +0 scale mail
rNeg   . . .     Faith    .     (no shield)
rPois  .         Spirit   .     t - +0 helmet
rElec  .         Dismiss  .     (no cloak)
rCorr  .         Reflect  .     (no gloves)
SustAt .         Harm     .     (no boots)
MR     .....                    (no amulet)
Stlth  ..........               (no ring)
                                (no ring)

@: not resistant to hostile enchantments, extremely unstealthy
A: no striking features
a: Lesser Healing, Heal Other, Divine Protection, Renounce Religion

Inventory:

Hand Weapons
 a - a +0 war axe (weapon)
 b - a +0 flail of holy wrath
Armour
 s - a +0 scale mail (worn)
 t - a +0 helmet (worn)
Wands
 v - a wand of digging (5/24)
Scrolls
 d - a scroll of recharging {unknown}
 l - 10 scrolls of identify {unknown}
 o - 7 scrolls of remove curse {unknown}
 u - 4 scrolls of teleportation {unknown}
 x - a scroll of fear {unknown}
 y - a scroll of amnesia {unknown}
 A - a scroll of magic mapping {unknown}
 C - a scroll of enchant armour {unknown}
 D - a scroll of brand weapon {unknown}
Potions
 e - 3 potions of haste {unknown}
 i - 2 potions of cancellation {unknown}
 j - 3 potions of invisibility {unknown}
 k - 2 potions of cure mutation {unknown}
 n - a potion of flight {unknown}
 p - 2 potions of brilliance {unknown}
 q - 5 potions of curing {unknown}
 r - a potion of berserk rage {unknown}
 w - a potion of resistance {unknown}
 z - a potion of might
Comestibles
 c - 4 meat rations
 f - 5 bread rations
 g - 2 beef jerkies
 h - 4 slices of pizza
 m - 20 fruits


   Skills:
 + Level 7.7 Fighting
 * Level 10.3 Axes
 + Level 6.7 Armour
   Level 3.2 Shields
 + Level 6.3 Invocations


You had 8 spell levels left.
You didn't know any spells.


You were on level 7 of the Dungeon.
You worshipped Elyvilon.
Elyvilon was pleased with you.
You were near starving.

You visited 1 branch of the dungeon, and saw 7 of its levels.
You also visited: Sewer.

You collected 265 gold pieces.
You donated 47 gold pieces to Zin.

#.####### # #.#.....#
#.##.#.###.##########
#.......##...........
###.###.#..############.
...............# #.
#.#.###.##.###.# #. ...
#o# .# ##. #.# #@# .#
###.. #.# #.# .# #....
#.# #.# .# #.### #.# #.#
.# #.. ##.#####.# #.
#..<.....# # #..#######
#...# #..##

Notes
Turn   | Place    | Note
--------------------------------------------------------------
     0 | D:1      | ololoev the Hill Orc Fighter began the quest for the Orb.
     0 | D:1      | Reached XP level 1. HP: 19/19 MP: 1/1
    52 | D:1      | Reached skill level 3 in Axes
    89 | D:1      | Reached XP level 2. HP: 17/27 MP: 2/2
   786 | D:1      | Reached XP level 3. HP: 33/33 MP: 3/3
  1132 | D:2      | Reached skill level 4 in Axes
  1691 | D:2      | Reached XP level 4. HP: 39/40 MP: 4/4
  2376 | D:3      | Noticed Jessica
  2383 | D:3      | Killed Jessica
  2383 | D:3      | Reached skill level 5 in Axes
  2383 | D:3      | Reached XP level 5. HP: 41/47 MP: 5/5
  2461 | D:3      | Noticed Robin
  2476 | D:3      | Killed Robin
  2792 | D:3      | Found a glowing silver altar of Zin.
  2795 | D:3      | Became a worshipper of Zin the Law-Giver
  2900 | D:3      | Reached skill level 1 in Invocations
  3016 | D:3      | Noticed Natasha
  3020 | D:3      | Killed Natasha
  3020 | D:3      | Reached XP level 6. HP: 55/55 MP: 5/7
  3029 | D:3      | Noticed Sigmund
  3063 | D:3      | Killed Sigmund
  3063 | D:3      | Reached skill level 5 in Fighting
  3063 | D:3      | Reached skill level 6 in Axes
  3074 | D:3      | Reached * piety under Zin
  3075 | D:3      | Donated 38 gold pieces to Zin
  3102 | D:3      | Found a white marble altar of Elyvilon.
  3236 | D:3      | Fell from the grace of Zin
  3236 | D:3      | Became a worshipper of Elyvilon the Healer
  3526 | D:4      | Reached skill level 5 in Armour
  3581 | D:4      | Noticed barb4r1an's ghost (amateur MfTm)
  3666 | D:3      | Reached XP level 7. HP: 26/61 MP: 7/9
  3681 | D:3      | Noticed Natasha
  3880 | D:3      | Killed Natasha
  3922 | D:3      | Noticed Natasha
  3928 | D:3      | Killed Natasha
  4082 | D:4      | Found a sparkling altar of Nemelex Xobeh.
  4169 | D:4      | Found a shattered altar of Ashenzari.
  4370 | D:4      | Reached skill level 7 in Axes
  4401 | D:4      | Reached * piety under Elyvilon
  4904 | D:5      | Entered Level 5 of the Dungeon
  5057 | D:5      | Reached XP level 8. HP: 38/70 MP: 8/11
  5189 | D:5      | Reached skill level 8 in Axes
  5198 | D:5      | Reached ** piety under Elyvilon
  5384 | D:5      | Found a glowing drain.
  5394 | Sewer    | Entered a sewer
  5553 | Sewer    | Reached skill level 5 in Invocations
  5836 | Sewer    | Reached skill level 9 in Axes
  6308 | D:5      | Found an opulent altar of Gozag.
  7102 | D:6      | Found a deep blue altar of Sif Muna.
  7140 | D:6      | Reached XP level 9. HP: 49/79 MP: 13/13
  7251 | D:6      | Reached skill level 10 in Axes
  7412 | D:6      | Found a shimmering altar of Xom.
  7537 | D:6      | Found a snail-covered altar of Cheibriados.
  7596 | D:6      | Reached *** piety under Elyvilon
  7846 | D:7      | Found an oddly glowing altar of Pakellas.
  7883 | D:7      | Slain by an orc warrior

Dungeon Overview and Level Annotations

Branches:
Dungeon (7/15)
 Temple: D:4-7

Altars:
Ashenzari
Cheibriados
Elyvilon
Gozag
Nemelex Xobeh
Pakellas
Sif Muna
Xom
Zin

Annotations:
D:4 barb4r1an's ghost, amateur MfTm


Message History

You feel sick.
The orc warrior hits you with a hand axe.
The crimson imp blinks!
The orc warrior hits you with a hand axe.
The orc barely misses you. The orc hits you with a mace.
Found a lumpy black potion.
Found an oddly glowing altar of Pakellas.
Unknown command.
You barely miss the orc warrior.
The orc warrior is heavily wounded.
You hit the orc.
The orc is severely wounded.
You hit the orc.
The orc is heavily wounded.
You feel sick. The orc warrior closely misses you.
The orc hits you but does no damage.
You hit the orc warrior but do no damage.
The orc warrior is heavily wounded.
You slash the orc!
You kill the orc!
You completely miss the orc.
The orc is severely wounded.
The orc hits you with a mace.
The orc warrior hits you with a hand axe!
You closely miss the orc warrior.
The orc warrior is heavily wounded.
You slash the orc!
You kill the orc!
You feel sick.
The orc warrior hits you with a hand axe.
Unknown command.
Use which ability? (? or * to list)
You are healed.
You feel somewhat more hungry.
The crimson imp blinks!
The orc warrior closely misses you.
You closely miss the orc warrior.
The orc warrior is heavily wounded.
You feel sick.
The crimson imp lashes its tail.
The orc warrior barely misses you.
Unknown command.
You hit the orc warrior but do no damage.
The orc warrior is heavily wounded.
The orc warrior hits you with a hand axe!
Unknown command.
You hit the orc warrior but do no damage.
The orc warrior is heavily wounded.
You hit the crimson imp.
The crimson imp is heavily wounded.
The crimson imp closely misses you.
The orc warrior hits you with a hand axe!
Unknown command.
Use which ability? (? or * to list)
You are healed.
You feel somewhat more hungry.
The crimson imp hits you but does no damage.
You feel sick. The orc warrior barely misses you.
The crimson imp blinks!
Items here: )) [[ a mace; a leather armour; a hand axe; a ring mail You feel sick.
The crimson imp disappears for a moment.
The crimson imp blinks!
You feel sick.
Use which ability? (? or * to list)
You are healed.
You are near starving!
The orc warrior hits you with a hand axe!!
Use which ability? (? or * to list)
You are healed.
You feel somewhat more hungry.
You can no longer purify yourself.
You feel sick.
You are no longer poisoned.
The orc warrior hits you with a hand axe.
Use which ability? (? or * to list)
You are healed.
You feel somewhat more hungry.
The orc warrior hits you with a hand axe!
The crimson imp blinks!
There is a stone staircase leading up here.
Use which ability? (? or * to list)
You are healed.
You feel somewhat more hungry.
The orc warrior hits you with a hand axe!!
You die...

You could see an orc warrior.

Vanquished Creatures
  Sigmund (D:3)
  An ice beast (D:6)
  A sky beast (D:5)
  A phantom (D:6)
  2 ogres
  2 centaurs (D:5)
  A giant frog (D:6)
  2 big kobolds (Sewer)
  A scorpion (D:6)
  A howler monkey (D:6)
  2 centaur zombies
  2 crimson imps (D:5)
  A giant frog zombie (D:6)
  A jelly (D:5)
  2 orc priests
  A hound (D:5)
  2 orc wizards (D:6)
  Jessica (D:3)
  A giant frog skeleton (D:5)
  2 iguanas
  Natasha (thrice) (D:3)
  6 worker ants
  A hound skeleton (D:5)
  Robin (D:3)
  11 adders
  7 gnolls
  3 river rats
  2 shadow imps
  5 oozes
  An adder zombie (D:6)
  9 worms
  2 dart slugs
  6 giant geckos
  11 orcs
  6 ball pythons
  6 bats
  11 giant cockroaches
  17 goblins
  11 hobgoblins
  5 jackals
  13 kobolds
  4 quokkas
  A giant gecko skeleton (D:6)
  7 giant newts
  7 rats
184 creatures vanquished.

Vanquished Creatures (others)
  An orc warrior (D:6)
  An orc wizard (D:6)
  A gnoll (D:6)
  An orc (D:6)
4 creatures vanquished.

Grand Total: 188 creatures vanquished

Action                   |  1- 3 |  4- 6 |  7- 9 || total
-------------------------+-------+-------+-------++-------
Melee: War axe           |   146 |   176 |   429 ||   751
       Flail             |       |       |     9 ||     9
Invok: Donate Gold       |       |     1 |       ||     1
       Lesser Healing    |       |       |    19 ||    19
  Use: Potion            |       |     1 |       ||     1
  Eat: Chunk             |     3 |     6 |    14 ||    23
       Fruit             |       |       |     2 ||     2
Armor: Scale mail        |    82 |    89 |   186 ||   357
Dodge: Dodged            |    72 |    93 |   187 ||   352

Vault maps used:
D:1:      dpeg_arrival_rooms_c, lemuel_another_geyser
D:3:      zin_statuary, lemuel_round_altar, first_bread, serial_bayou_pond_d,
          uniq_robin, uniq_jessica, uniq_natasha, uniq_sigmund
D:4:      cheibrodos_ashenzari_chains, nemelex_xobeh_ov_fountains_minmay
D:5:      nicolae_gozag_seed_capital, gup_sewer_entry_bubbles, minivault_4
D:6:      xom_confusion_cloud, led_sif_book, lemuel_statue_altar
D:7:      old_standard_altar, lemuel_doored_altar,
          lemuel_coloured_pillars_altar, minmay_temple_entry_trees,
          okawaru_metal_pillars_1_2
Sewer:    sewer_co_tree
